 Dungeon Crawl Stone Soup version 0.26-a0-259-g1effd001a9 (webtiles) character file.

Game seed: 6857398935553465065

21 sanka the Stinger (level 2, 13/13 HPs)
             Began as a Spriggan Venom Mage on July 12, 2020.
             Quit the game on level 1 of the Dungeon.
             The game lasted 00:01:33 (844 turns).

sanka the Stinger (Spriggan Venom Mage)              Turns: 844, Time: 00:01:34

Health: 13/13      AC:  2    Str:  4    XL:     2   Next: 65%
Magic:  7/7        EV: 18    Int: 12    God:
Gold:   9          SH:  0    Dex: 16    Spells: 4/7 levels left

rFire    . . .     SeeInvis +   (weapon restricted)
rCold    . . .     Faith    .   (shield restricted)
rNeg     . . .     Spirit   .   a - +0 robe
rPois    .         Reflect  .   (helmet restricted)
rElec    .         Harm     .   (no cloak)
rCorr    .                      (gloves unavailable)
MR       .....                  (boots unavailable)
Stlth    ++........             (no amulet)
HPRegen  0.04/turn              h - -4 ring of intelligence (curse)
MPRegen  0.10/turn              (no ring)

@: very quick
A: very small, unfitting armour, see invisible, herbivore, speed 3, slow
metabolism 2
a: no special abilities


You were on level 1 of the Dungeon.
You were not hungry.

You visited 1 branch of the dungeon, and saw 1 of its levels.

You collected 9 gold pieces.


Innate Abilities, Weirdness & Mutations

You are very small and have problems with some larger weapons.
You are too small for most types of armour.
You have supernaturally acute eyesight. (SInv)
You are a herbivore.
You cover ground extremely quickly.
You need to consume almost no food.


   Skills:
 - Level 3.0 Dodging
 - Level 3.0 Stealth
 - Level 3.0 Spellcasting
 - Level 2.0 Transmutations
 + Level 0.8 Air Magic
 + Level 3.4 Poison Magic


You had 4 spell levels left.
You knew the following spells:

 Your Spells              Type           Power        Failure   Level
y - Poisonous Vapours     Pois/Air       #.....       16%         2
z - Sting                 Tmut/Pois      #...         9%          1

Your spell library contained the following spells:

 Spells                   Type           Power        Failure   Level
 Ignite Poison            Fire/Tmut/Pois #.......     34%         3
 Mephitic Cloud           Conj/Pois/Air  #.......     38%         3
 Olgreb's Toxic Radiance  Pois           ##......     52%         4

Inventory:

Missiles
 e - a throwing net {=f}
Armour
 a - a +0 robe (worn)
Jewellery
 h - a cursed -4 ring of intelligence (left hand)
Scrolls
 b - a scroll of teleportation {unknown}
 d - a scroll of identify {unknown}
 f - a scroll of immolation {unknown}
Potions
 g - a potion of ambrosia {unknown}
Comestibles
 c - 8 rations

Dungeon Overview and Level Annotations

Branches:
Dungeon (1/15)

Altars:

..... ..........
▒..▒▒▒▒▒.....▒▒▒▒
▒.............▒.▒▒▒
▒..................
▒.......†.......▒▒▒
▒...............▒
▒............▒.÷▒▒▒
▒..................
▒▒i▒▒▒▒▒▒▒▒▒▒▒▒▒▒▒▒
▒........w.........
▒▒▒▒▒▒▒.[.......▒▒▒
▒.........▒ ▒
▒.........▒▒▒
▒............
▒.........▒▒▒
▒......)..▒▒▒
▒▒▒....▒▒▒▒.▒


You could see a dart slug.


Message History

The dart slug is almost dead.
The jackal bites you.
* * * LOW HITPOINT WARNING * * *
The dart slug barely misses you.
You hit the dart slug but do no damage.
The dart slug is almost dead.
The jackal bites you but does no damage.
The jackal barely misses you.
You hit the dart slug.
You kill the dart slug!
The jackal misses you.
You hit the jackal.
You kill the jackal!
You can't see any susceptible monsters within range! (Use Z to cast anyway.)
You start resting.
Magic restored.
HP restored.
c - 8 rations (gained 2)
f - a scroll labeled ROWKIY CUB DAN
g - a golden potion A dart slug comes into view.
You see here an encrusted pearl ring.
A dart slug is nearby!
Put ring on which hand? (Esc to cancel) < - no ring (left) > - no ring (right)
You feel stupid.
Oops, that ring feels deathly cold.
h - a cursed -4 ring of intelligence (left hand) Are you sure you want to abandon this character and quit the game? (Confirm with "yes".)

Action                   || total
-------------------------++-------
Melee: Unarmed           ||    24
 Cast: Sting             ||    23
Armor: Robe              ||     3
Dodge: Dodged            ||    39

Levels and vault maps discovered:
D:1:      wander_arrival_desolate, layout_basic

Notes
Turn   | Place    | Note
-------+----------+-------------------------------------------
     0 | D:1      | sanka the Spriggan Venom Mage began the quest for the Orb.
     0 | D:1      | Reached XP level 1. HP: 9/9 MP: 5/5
   248 | D:1      | Reached skill level 3 in Spellcasting
   319 | D:1      | Reached skill level 2 in Transmutations
   319 | D:1      | Reached XP level 2. HP: 10/13 MP: 2/7
   391 | D:1      | Learned a level 2 spell: Poisonous Vapours
   844 | D:1      | Quit the game

Vanquished Creatures
  3 dart slugs (D:1)
  A goblin (D:1)
  2 hobgoblins (D:1)
  5 jackals (D:1)
  A bat (D:1)
  2 kobolds (D:1)
14 creatures vanquished.
